 Dungeon Crawl Stone Soup version 0.31-a0-983-g7b6862f502 (webtiles) character file.

Game seed: 14211828097491848846

21 croobank the Ruffian (level 2, -3/23 HPs)
             Began as a Demigod Shapeshifter on Nov 3, 2023.
             Slain by a kobold
             ... wielding a +0 whip
              (6 damage)
             ... on level 2 of the Dungeon.
             The game lasted 00:01:59 (836 turns).

croobank the Ruffian (Demigod Shapeshifter)          Turns: 836, Time: 00:02:00

Health: -3/23      AC:  0    Str: 15    XL:     2   Next: 45%
Magic:  4/4        EV: 12    Int: 12    God:
Gold:   35         SH:  0    Dex: 19    Spells: 1/1 levels left

rFire   . .          .
                       - Unarmed
rCold   . . .        (no shield)
rNeg    . . .        (no body armour)
rPois   .            (helmet currently unavailable)
rElec   .            (cloak currently unavailable)
rCorr   .            (gloves currently unavailable)
SInv    .            (boots currently unavailable)
Will    .....        (no amulet)
Stlth   ++           k - +6 ring of dexterity
HPRegen 0.23/turn    (no ring)
MPRegen 0.09/turn

%: no passive effects
@: beast-form
A: beast (slay +1), high MP 1, forlorn, divine attributes
a: Begin Untransformation


You were on level 2 of the Dungeon.
You were a hulking beast.
You visited 1 branch of the dungeon, and saw 2 of its levels.

You collected 35 gold pieces.

Inventory:

Hand Weapons
 g - a +0 dagger
Missiles
 h - 5 boomerangs
 j - 2 poisoned darts
Armour
 a - a +0 animal skin
 b - the +1 robe of the Mind {-Cast Dex+3 Stlth+}
   (You found it on level 2 of the Dungeon)

   Dex+3:     It affects your dexterity (+3).
   -Cast:     It prevents spellcasting.
   Stlth+:    It makes you more stealthy.
Jewellery
 k - a +6 ring of dexterity (left hand)
Talismans
 c - a beast talisman
 d - a flux talisman
Scrolls
 e - a scroll of vulnerability {unknown}
 f - a scroll of identify {unknown}
 i - a scroll of teleportation {unknown}
 l - a scroll of torment {unknown}


   Skills:
 + Level 1.3 Fighting
 + Level 2.1 Dodging
 + Level 2.9 Unarmed Combat
 + Level 2.9 Shapeshifting


You had one spell level left.
You didn't know any spells.
Your spell library was empty.

Dungeon Overview and Level Annotations

Branches:
Dungeon (2/15)


Innate Abilities, Weirdness & Mutations

You are a hulking beast.
Your limbs bulge with bestial killing power. (Slay +1)
You have an increased reservoir of magic. (+10% MP)
You shall have no god before yourself.
Your divine heritage dramatically boosts your attributes as you level up.


Message History

a +0 dagger; a worm corpse
There is a stone staircase leading down here.
You climb downwards.
There is a stone staircase leading up, spattered with blood here.
A giant cockroach and a goblin come into view.
A frilled lizard comes into view.
The frilled lizard hisses angrily.
You see here the +1 robe of the Mind {-Cast Dex+3 Stlth+}.
You start removing your armour.
You continue taking off your +0 animal skin. x4
The frilled lizard bites you.
You finish taking off your +0 animal skin.
You hit the frilled lizard.
You kill the frilled lizard!
No target in view!
No target in view!
HP restored.
Found a dagger.
The kobold shouts!
An adder comes into view.
An endoplasm comes into view.
The adder hisses angrily.
A dart slug comes into view.
The kobold throws a stone.
The stone completely misses you.
Found 6 stones.
The kobold hits you with a +0 whip.
You hit the kobold. You punch the kobold.
The kobold is severely wounded.
The kobold hits you with a +0 whip.
You barely miss the kobold.
The kobold is severely wounded.
The adder bites you. The kobold hits you with a +0 whip.
* * * LOW HITPOINT WARNING * * *
You are too injured to fight recklessly!
You are too injured to fight recklessly!
You closely miss the kobold.
The kobold is severely wounded.
The adder bites you.
* * * LOW HITPOINT WARNING * * *
The kobold hits you with a +0 whip.
You die...

.....................
#.#
...<.......†.........
#.#
..........##.)†.....#
....................####
.#.......###............
.........#..............
...........#............
.........###............
................h......(
................SK......
..................J.....
..................w.....
.................#......
................##......
......##).. ...... .....
#... ......


You could see an adder, a dart slug, an endoplasm and a kobold.

Vanquished Creatures
  A worm (D:1)
  3 endoplasms (D:1)
  A giant cockroach (D:1)
  2 goblins
  2 hobgoblins
  A ball python (D:2)
  A bat (D:1)
  5 frilled lizards
  A kobold (D:1)
  2 rats (D:1)
19 creatures vanquished.

Notes
Turn   | Place    | Note
-------+----------+-------------------------------------------
     0 | D:1      | croobank the Demigod Shapeshifter began the quest for the
                  | Orb.
     0 | D:1      | Reached XP level 1. HP: 15/15 MP: 3/3
   101 | D:1      | Reached skill level 1 in Fighting
   564 | D:1      | Reached XP level 2. HP: 23/23 MP: 4/4
   819 | D:2      | Identified the +1 robe of the Mind {-Cast Dex+3 Stlth+}
   836 | D:2      | Slain by a kobold

Illustrated notes

Levels and vault maps discovered:
D:1:      erik_arrival_orb_chamber, layout_loops_ring
D:2:      layout_rooms, minmay_tetromino_l2

Skill      XL: |  1 |
---------------+----+-----
Fighting       | 1 |  1.3
Dodging        | 2 |  2.1
Unarmed Combat | |  2.9
Shapeshifting  | |  2.9

Action                     || total
---------------------------++-------
  Melee: Unarmed           ||    43
         Punch             ||     2
    Use: Potion            ||     1
   Stab: Sleeping          ||     2
 Armour: Animal skin       ||    21
         Skin              ||     6
  Dodge: Dodged            ||    23

Table legend: (Time is in decaauts)
 A = Elapsed time spent in this place.
 B = Non-inter-level travel time spent in this place.
 C = Inter-level travel time spent in this place.
 D = Time resting spent in this place.
 E = Time spent auto-exploring this place.
 F = Levels seen in this place.
 G = Mean time per level.
                   A        B        C        D        E       F      G
               +--------+--------+--------+--------+--------+-----+--------+
         Total |    835 |    825 |     10 |    163 |    488 |   2 |  417.5 |
       Dungeon |    835 |    825 |     10 |    163 |    488 |   2 |  417.5 |
               +--------+--------+--------+--------+--------+-----+--------+

Top non-repeatable levels by time:
     D:1: 752 daAuts
     D:2: 82 daAuts
